 Dungeon Crawl Stone Soup version 0.31-a0-703-gcfe89afef6 (webtiles) character file.

Game seed: 4533253860939389183

95 javelincjr the Changeling (level 4, -2/36 HPs)
             Began as a Demigod Shapeshifter on Sept 8, 2023.
             Slain by a gnoll
             ... wielding a +0 spear
              (8 damage)
             ... on level 3 of the Dungeon.
             The game lasted 00:07:57 (1821 turns).

javelincjr the Changeling (Demigod Shapeshifter)    Turns: 1821, Time: 00:07:58

Health: -2/36      AC:  2    Str: 19    XL:     4   Next: 17%
Magic:  15/15      EV: 12    Int: 12    God:
Gold:   173        SH:  4    Dex: 13    Spells: 3/3 levels left

rFire   . .          .
                       - Unarmed
rCold   . . .        p - +0 buckler
rNeg    . . .        a - +0 animal skin
rPois   .            (helmet currently unavailable)
rElec   .            (cloak currently unavailable)
rCorr   .            (gloves currently unavailable)
SInv    .            (boots currently unavailable)
Will    .....        (no amulet)
Stlth   +            h - ring of magical power
HPRegen 0.26/turn    (no ring)
MPRegen 0.14/turn

%: no passive effects
@: beast-form
A: beast (slay +1), high MP 1, forlorn, divine attributes
a: Begin Untransformation


You were on level 3 of the Dungeon.
You were a hulking beast.
You visited 1 branch of the dungeon, and saw 3 of its levels.

You collected 173 gold pieces.

Inventory:

Hand Weapons
 r - a +0 arbalest
Missiles
 o - 2 curare-tipped darts
Armour
 a - a +0 animal skin (worn)
 g - a +0 chain mail
 k - a +0 pair of gloves
 p - a +0 buckler (worn)
 t - a +0 helmet
Jewellery
 h - a ring of magical power (left hand)
Talismans
 c - a beast talisman (active)
 d - a flux talisman
Scrolls
 e - a scroll of fear {unknown}
 f - a scroll of butterflies {unknown}
 l - 4 scrolls of identify {unknown}
 q - 2 scrolls of noise {unknown}
 v - a scroll of enchant armour {unknown}
 w - a scroll of teleportation {unknown}
 x - a scroll of poison {unknown}
Potions
 b - a potion of lignification
 i - 3 potions of curing {unknown}
 j - a potion of mutation {unknown}
 m - a potion of heal wounds {unknown}
 n - 2 potions of brilliance {unknown}
 s - a potion of degeneration {unknown}
 u - 2 potions of attraction {unknown}
 z - a potion of haste {unknown}


   Skills:
 + Level 1.9 Fighting
 + Level 2.4 Dodging
 + Level 0.1 Shields
 + Level 3.2 Unarmed Combat
 * Level 3.4 Shapeshifting


You had 3 spell levels left.
You didn't know any spells.
Your spell library contained the following spells:

 Spells                   Type           Power      Damage    Failure   Level
 Sublimation of Blood     Necr           0%         N/A       54%         2
 Wereblood                Tmut           0%         N/A       54%         2
 Summon Hydra             Summ           0%         N/A       100%        7


Dungeon Overview and Level Annotations

Branches:
Dungeon (3/15)

Annotations:
D:3 Sigmund


Innate Abilities, Weirdness & Mutations

You are a hulking beast.
Your limbs bulge with bestial killing power. (Slay +1)
You have an increased reservoir of magic. (+10% MP)
You shall have no god before yourself.
Your divine heritage dramatically boosts your attributes as you level up.


Message History

You see here a +0 club.
The gnoll shouts!
You hear a shout!
Sigmund the Dreaded comes into view.
He is wielding a +0 scythe.
A gnoll comes into view. It is wielding a +0 spear.
A goblin comes into view. It is wielding a +0 dagger.
You see here a +0 club.
The gnoll shouts!
You hear a shout!
You barely miss the gnoll. The gnoll hits you with a +0 whip.
You closely miss the gnoll. The gnoll misses you.
The gnoll hits you with a +0 whip.
You hit the gnoll.
The gnoll is heavily wounded.
The gnoll hits you from afar with a +0 spear.
The gnoll misses you.
You hit the gnoll.
The gnoll is severely wounded.
The gnoll hits you from afar with a +0 spear.
The gnoll hits you with a +0 whip.
You barely miss the gnoll.
The gnoll is severely wounded.
The gnoll hits you from afar with a +0 spear.
* * * LOW HITPOINT WARNING * * *
The gnoll hits you with a +0 whip.
* * * LOW HITPOINT WARNING * * *
You hit the gnoll.
You kill the gnoll!
The gnoll closely misses you.
Sigmund gestures wildly while chanting.
Sigmund flickers and vanishes!
Deactivating autopickup; reactivate with Ctrl-A.
The gnoll attacks as it pursues you!
The gnoll hits you from afar with a +0 spear.
* * * LOW HITPOINT WARNING * * *
The gnoll attacks as it pursues you! The gnoll barely misses you.
The gnoll attacks as it pursues you! The gnoll closely misses you.
The gnoll attacks as it pursues you! The gnoll completely misses you.
You see here a +0 club.
The gnoll attacks as it pursues you!
The gnoll hits you from afar with a +0 spear!
You die...

#.# .........# #.#
.........###### #.#
............... #.#
#######'####### #.#
#.# #g# #.# #.# #.#
#.###############.#
#.{.g.g.h.........#
###################


You could see a gnoll and a goblin.

Vanquished Creatures
  2 gnolls (D:3)
  2 adders (D:2)
  2 worms (D:2)
  A ball python (D:2)
  5 bats
  8 endoplasms
  A giant cockroach (D:1)
  7 goblins
  6 hobgoblins
  4 kobolds
  A quokka (D:2)
  5 frilled lizards
  6 rats
50 creatures vanquished.

Notes
Turn   | Place    | Note
-------+----------+-------------------------------------------
     0 | D:1      | javelincjr the Demigod Shapeshifter began the quest for the
                  | Orb.
     0 | D:1      | Reached XP level 1. HP: 15/15 MP: 3/3
   134 | D:1      | Reached skill level 1 in Fighting
   301 | D:1      | Reached XP level 2. HP: 23/23 MP: 4/4
  1083 | D:2      | Reached XP level 3. HP: 14/28 MP: 5/5
  1716 | D:3      | Reached XP level 4. HP: 17/36 MP: 6/6
  1790 | D:3      | Noticed Sigmund
  1821 | D:3      | Slain by a gnoll

Illustrated notes

Levels and vault maps discovered:
D:1:      scummos_arrival_forest, layout_basic,
          dreamdust_ecumenical_altar_statues
D:2:      layout_rooms, minmay_pentomino_u4
D:3:      layout_basic, tso_metal_star, minmay_misc_feat_chi,
          grunt_ministairs_5, uniq_sigmund

Skill      XL: |  1  2 |
---------------+-------+-----
Fighting       | 1 |  1.9
Dodging        | 2 |  2.4
Shapeshifting  | 3 |  3.4
Unarmed Combat | 3 |  3.2
Shields        | |  0.1

Action                     |  1- 3 |  4- 6 || total
---------------------------+-------+-------++-------
  Melee: Unarmed           |   153 |     6 ||   159
         Punch             |     2 |       ||     2
   Stab: Sleeping          |     1 |       ||     1
 Armour: Animal skin       |    73 |     9 ||    82
  Dodge: Dodged            |    93 |     6 ||    99
  Block: Buckler           |    18 |       ||    18

Table legend: (Time is in decaauts)
 A = Elapsed time spent in this place.
 B = Non-inter-level travel time spent in this place.
 C = Inter-level travel time spent in this place.
 D = Time resting spent in this place.
 E = Time spent auto-exploring this place.
 F = Levels seen in this place.
 G = Mean time per level.
                   A        B        C        D        E       F      G
               +--------+--------+--------+--------+--------+-----+--------+
         Total |   1813 |   1760 |     53 |     25 |   1311 |   3 |  604.3 |
       Dungeon |   1813 |   1760 |     53 |     25 |   1311 |   3 |  604.3 |
               +--------+--------+--------+--------+--------+-----+--------+

Top non-repeatable levels by time:
     D:1: 981 daAuts
     D:2: 619 daAuts
     D:3: 212 daAuts
